 Dungeon Crawl Stone Soup version 0.27-a0-29-g2d0a2396b0 (webtiles) character file.

Game seed: 13018249875835568779

26896 HoaS the Brawler (level 13, -10/199 HPs)
             Began as a Troll Berserker on Jan 3, 2021.
             Was a High Priest of Trog.
             Mangled by an eight-headed hydra (14 damage)
             ... on level 6 of the Lair of Beasts.
             The game lasted 00:31:57 (14661 turns).

HoaS the Brawler (Troll Berserker)                 Turns: 14661, Time: 00:31:58

Health: -10/199    AC: 10    Str: 28    XL:     13   Next: 1%
Magic:  12/12      EV: 15    Int:  3    God:    Trog [*****.]
Gold:   945        SH:  5    Dex: 13    Spells: 12/12 levels left

rFire    + . .     SeeInvis .     - Unarmed
rCold    . . .     Faith    .   (no shield)
rNeg     + . .     Spirit   .   s - +1 robe {rF+}
rPois    .         Reflect  +   (helmet restricted)
rElec    .         Harm     .   H - +2 cloak {rCorr}
rCorr    +         Rampage  .   (gloves unavailable)
Will     +....                  (boots unavailable)
Stlth    ..........             x - amulet of reflection
HPRegen  0.83/turn              a - ring of positive energy
MPRegen  0.13/turn              D - ring of willpower

@: berserking (expiring), very quick
A: large, unfitting armour, claws 3, regeneration 1, shaggy fur 1, tough skin 3
a: Renounce Religion, Berserk, Trog's Hand, Brothers in Arms


You were on level 6 of the Lair of Beasts.
You worshipped Trog.
Trog was extremely pleased with you.
You visited 3 branches of the dungeon, and saw 17 of its levels.
You also visited: Sewer and Bailey.

You collected 945 gold pieces.

Inventory:

Armour
 s - a +1 robe of fire resistance (worn)
 H - a +2 cloak of preservation (worn)
Jewellery
 a - a ring of positive energy (left claw)
 f - an uncursed ring of positive energy
 j - an uncursed ring of fire
 q - an uncursed ring of ice
 x - an amulet of reflection (around neck)
 D - a ring of willpower (right claw)
 G - an uncursed ring of protection from fire
Wands
 g - a wand of acid (16) (quivered)
 h - a wand of disintegration (8)
 p - a wand of iceblast (37)
 v - a wand of random effects (8)
 w - a wand of flame (24)
 y - a wand of paralysis (17)
 B - a wand of polymorph (14)
Scrolls
 i - 6 scrolls of teleportation
 l - 7 scrolls of remove curse
 n - a scroll of magic mapping
 u - 3 scrolls of fear
 C - a scroll of fog
 I - a scroll of blinking
 J - 2 scrolls of torment
 K - a scroll of identify
Potions
 b - a potion of brilliance {unknown}
 d - 8 potions of curing
 e - 4 potions of haste
 k - 6 potions of flight
 m - 2 potions of attraction {unknown}
 o - a potion of might {unknown}
 r - 4 potions of invisibility {unknown}
 t - 3 potions of heal wounds
 z - a potion of mutation {unknown}
 A - 3 potions of lignification
 F - a potion of ambrosia {unknown}
 L - a potion of magic {unknown}
Miscellaneous
 E - a phantom mirror


   Skills:
 + Level 9.8 Fighting
 + Level 9.8 Dodging
 * Level 15.2 Unarmed Combat


You had 12 spell levels left.
You didn't know any spells.
Your spell library was empty.

Dungeon Overview and Level Annotations

Branches:
Dungeon (10/15)            Temple (1/1) D:5            Lair (6/6) D:10
  Swamp (0/4) Lair:3       Spider (0/4) Lair:2        Slime (0/5) Lair:5
  Sewer (visited)          Bailey (visited)
    Orc: D:9-12

Altars:
Ashenzari
Cheibriados
Dithmenos
Elyvilon
Fedhas
Gozag
Hepliaklqana
Kikubaaqudgha
Makhleb
Nemelex Xobeh
Okawaru
Qazlal
Ru
Sif Muna
Trog
Uskayaw
Vehumet
Wu Jian
Xom
Yredelemnul
Zin
The Shining One
Jiyva

Shops:
D:4 ??([   D:5 =   D:8 =   D:9 [


Innate Abilities, Weirdness & Mutations

You are too large for most types of armour.
You have claws for hands.
Your natural rate of healing is unusually fast.
You are covered in fur. (AC +1)
You have extremely tough skin. (AC +3)


Message History

The eight-headed hydra closely misses you.
You block the eight-headed hydra's attack.
The eight-headed hydra bites you but does no damage.
The eight-headed hydra bites you.
* * * LOW HITPOINT WARNING * * *
The eight-headed hydra bites you but does no damage.
You mangle the elephant!!
The elephant is severely wounded.
The elephant tramples you!
* * * LOW HITPOINT WARNING * * *
You hold your ground!
The elephant barely misses you.
You mangle the elephant!!
You kill the elephant!
Trog accepts your kill.
The eight-headed hydra bites you but does no damage. x2
The eight-headed hydra closely misses you. x3
The eight-headed hydra bites you!
* * * LOW HITPOINT WARNING * * *
The eight-headed hydra bites you!
You die...

...........#...
..........#.P...
................
..$.............
....#...........
...............
...............
##D.<.......
#@†.........
###.#.......
##........
........
.......#
.....#..
........ ....#P


You could see an eight-headed hydra.

Vanquished Creatures
  3 hydras
  Erica (Lair:2)
  A catoblepas (Lair:4)
  3 death yaks (Lair:5)
  3 bog bodies (Lair:3)
  Pikel (D:7)
  Maurice (D:10)
  5 elephants (Lair:6)
  A gargoyle (D:10)
  6 cane toads
  A kobold demonologist (D:9)
  5 komodo dragons
  A troll (D:10)
  2 polar bears (Lair:5)
  A hornet (D:7)
  9 blink frogs (Lair:4)
  3 redbacks (Lair:2)
  A wyvern (Lair:4)
  13 yaks
  2 basilisks
  A soldier ant (D:9)
  Edmund (D:4)
  3 swamp worms (Lair:3)
  6 water moccasins
  Duvessa (D:7)
  2 orc warriors
  3 sky beasts (D:10)
  An ice beast (D:8)
  4 black bears
  2 eyes of draining (D:6)
  5 ogres
  3 phantoms
  4 wolves (Lair:5)
  5 centaurs
  2 lemures (D:7)
  16 big kobolds
  Blork the orc (D:6)
  16 bullfrogs
  A scorpion (D:6)
  Dowan (D:7)
  15 killer bees
  2 howler monkeys
  3 electric eels
  A bullfrog zombie (D:9)
  A centaur zombie (D:6)
  3 hounds
  2 gnoll shamans
  An orc priest (D:7)
  Crazy Yiuf (D:4)
  5 centaur skeletons
  3 orc wizards
  An iguana (D:8)
  9 worker ants
  Ijyb (D:4)
  Natasha (D:3)
  5 hell rats (Lair:2)
  2 hound zombies
  A hound skeleton (D:5)
  A worker ant zombie (D:6)
  12 gnolls
  17 adders
  A howler monkey skeleton (D:6)
  6 river rats
  A shadow imp (D:10)
  A white imp (D:10)
  2 ufetubi
  6 oozes
  2 adder skeletons
  6 worms
  A dart slug (D:2)
  6 leopard geckos
  20 orcs
  4 giant cockroaches
  18 goblins
  6 hobgoblins
  10 jackals
  3 quokkas
  8 ball pythons
  5 bats
  A frilled lizard (D:4)
  23 kobolds
  A leopard gecko skeleton (D:4)
  3 quokka skeletons
  18 rats
380 creatures vanquished.

Vanquished Creatures (collateral kills)
  A hydra (Lair:2)
  A hell rat (Lair:2)
2 creatures vanquished.

Vanquished Creatures (others)
  A kobold (D:7)
  7 fungi
  12 plants
20 creatures vanquished.

Grand Total: 402 creatures vanquished

Notes
Turn   | Place    | Note
-------+----------+-------------------------------------------
     0 | D:1      | HoaS the Troll Berserker began the quest for the Orb.
     0 | D:1      | Reached XP level 1. HP: 22/22 MP: 0/0
   240 | D:1      | Reached XP level 2. HP: 24/29 MP: 1/1
   854 | D:2      | Reached XP level 3. HP: 36/36 MP: 2/2
   889 | D:2      | Reached ** piety under Trog
  1043 | D:2      | Found a blossoming altar of Fedhas.
  1264 | D:2      | Reached skill level 4 in Unarmed Combat
  1521 | D:3      | Found a faded altar of an unknown god.
  1584 | D:3      | Reached XP level 4. HP: 42/44 MP: 3/3
  1625 | D:3      | Found a snail-covered altar of Cheibriados.
  1667 | D:3      | Noticed Natasha
  1674 | D:3      | Killed Natasha
  1931 | D:3      | Reached XP level 5. HP: 40/53 MP: 4/4
  1933 | D:3      | Reached *** piety under Trog
  2114 | D:3      | Found a glowing drain.
  2125 | D:3      | Reached skill level 5 in Unarmed Combat
  2140 | Sewer    | Entered a sewer
  2411 | Sewer    | Reached XP level 6. HP: 50/61 MP: 5/5
  2662 | Sewer    | Reached **** piety under Trog
  3055 | D:4      | Found Dyavaef's Armour Shoppe.
  3081 | D:4      | Reached skill level 6 in Unarmed Combat
  3130 | D:4      | Noticed Ijyb
  3145 | D:4      | Killed Ijyb
  3146 | D:4      | Reached XP level 7. HP: 46/68 MP: 6/6
  3234 | D:4      | Found Garghikk's Magic Scroll Boutique.
  3326 | D:4      | Found a runed translucent door.
  3327 | D:4      | Noticed Crazy Yiuf
  3328 | D:4      | Noticed Edmund
  3465 | D:4      | Found Maotziph's Weapon Shoppe.
  3590 | D:4      | Found an opulent altar of Gozag.
  3608 | D:4      | Found Qitwydir's Magic Scroll Boutique.
  3940 | D:4      | Killed Edmund
  3941 | D:4      | Reached skill level 7 in Unarmed Combat
  3942 | D:4      | Killed Crazy Yiuf
  4017 | D:5      | Entered Level 5 of the Dungeon
  4060 | D:4      | Reached XP level 8. HP: 79/79 MP: 7/7
  4176 | D:5      | Found a hazy altar of Hepliaklqana.
  4229 | D:5      | Found a staircase to the Ecumenical Temple.
  4251 | Temple   | Entered the Ecumenical Temple
  4735 | D:5      | Found Wiojuonn's Jewellery Shop.
  4862 | D:6      | Reached skill level 5 in Fighting
  4862 | D:6      | Reached skill level 5 in Dodging
  4862 | D:6      | Reached skill level 8 in Unarmed Combat
  5085 | D:6      | Found a bloodstained altar of Trog.
  5166 | D:6      | Reached skill level 9 in Unarmed Combat
  5166 | D:6      | Reached XP level 9. HP: 88/88 MP: 8/8
  5189 | D:6      | Reached ***** piety under Trog
  5265 | D:6      | Found a burning altar of Makhleb.
  5265 | D:6      | Noticed an Executioner
  5275 | D:6      | Noticed Blork the orc
  5285 | D:6      | Killed Blork the orc
  5875 | D:7      | Noticed Dowan
  5891 | D:7      | Killed Dowan
  5892 | D:7      | Noticed Duvessa
  5900 | D:7      | Killed Duvessa
  5951 | D:7      | Noticed Pikel
  5971 | D:7      | Killed Pikel
  5972 | D:7      | Reached skill level 10 in Unarmed Combat
  6130 | D:7      | Found a sparkling altar of Nemelex Xobeh.
  6303 | D:7      | Reached XP level 10. HP: 77/100 MP: 9/9
  6870 | D:8      | Found a basalt altar of Yredelemnul.
  7129 | D:8      | Reached skill level 11 in Unarmed Combat
  7154 | D:8      | Received a gift from Trog
  7383 | D:8      | Found Wuigon's Jewellery Emporium.
  7604 | D:8      | Found a glowing golden altar of the Shining One.
  7828 | D:9      | Found a flagged portal.
  7845 | Bailey   | Entered a bailey
  7953 | D:9      | Found a shadowy altar of Dithmenos.
  8074 | D:9      | Identified the cursed +0 ring mail "Reimuh" {rF+ Int-5
                  | Slay+2 Stlth+}
  8367 | D:9      | Found an iron altar of Okawaru.
  8409 | D:9      | Found Kecvejuz's Antique Armour Boutique.
  8727 | D:10     | Entered Level 10 of the Dungeon
  8848 | D:10     | Noticed a gargoyle
  8852 | D:10     | Reached skill level 12 in Unarmed Combat
  8855 | D:10     | Killed a gargoyle
  8928 | D:10     | Found a staircase to the Lair.
  8994 | D:10     | Reached XP level 11. HP: 93/109 MP: 10/10
  9161 | D:10     | Received a gift from Trog
  9384 | D:10     | Noticed Maurice
  9402 | D:10     | Killed Maurice
  9557 | Lair:1   | Entered Level 1 of the Lair of Beasts
  9725 | Lair:1   | Found a burning altar of Makhleb.
 10543 | Lair:2   | Noticed a six-headed hydra
 10565 | Lair:2   | Killed an eight-headed hydra
 10566 | Lair:2   | Reached skill level 13 in Unarmed Combat
 11186 | Lair:2   | Found a hole to the Spider Nest.
 11423 | Lair:2   | Noticed Erica
 11434 | Lair:2   | Killed Erica
 11949 | Lair:3   | Noticed a bog body
 11960 | Lair:3   | Killed a bog body
 12171 | Lair:3   | Noticed a bog body
 12180 | Lair:3   | Killed a bog body
 12390 | Lair:3   | Noticed a bog body
 12396 | Lair:3   | Reached XP level 12. HP: 66/122 MP: 11/11
 12407 | Lair:3   | Found a staircase to the Swamp.
 12608 | Lair:4   | Noticed a four-headed hydra
 12619 | Lair:4   | Reached skill level 14 in Unarmed Combat
 12628 | Lair:4   | Killed a seven-headed hydra
 12979 | Lair:4   | Noticed a catoblepas
 12994 | Lair:4   | Killed a catoblepas
 13727 | Lair:5   | Noticed a seven-headed hydra
 13732 | Lair:5   | Killed a seven-headed hydra
 14074 | Lair:5   | Found a viscous altar of Jiyva.
 14075 | Lair:5   | Found a staircase to the Slime Pits.
 14244 | Lair:5   | Noticed a death yak
 14244 | Lair:5   | Noticed a death yak
 14245 | Lair:5   | Noticed a death yak
 14263 | Lair:5   | Killed a death yak
 14266 | Lair:5   | Killed a death yak
 14267 | Lair:5   | Reached skill level 15 in Unarmed Combat
 14276 | Lair:5   | Killed a death yak
 14628 | Lair:6   | Entered Level 6 of the Lair of Beasts
 14628 | Lair:6   | Noticed a seven-headed hydra
 14633 | Lair:6   | Killed a ten-headed hydra
 14636 | Lair:6   | Noticed an eight-headed hydra
 14658 | Lair:6   | Reached XP level 13. HP: 55/133 MP: 12/12
 14661 | Lair:6   | HP: 4/199 [eight-headed hydra (11)]
 14661 | Lair:6   | Mangled by an eight-headed hydra

Illustrated notes

Levels and vault maps discovered:
D:1:      dpeg_arrival_oval, layout_basic, minmay_statues_item, minmay_ruptured
D:2:      layout_basic, fedhas_altar_1, kennysheep_cross_room
D:3:      layout_loops_corners, lemuel_coloured_pillars_altar,
          portal_sewer_entry_b, chequers_ecumenical_altar_simple_redux,
          uniq_natasha
D:4:      layout_rooms, nicolae_overflow_crystal_walls, serial_shops, shop,
          nicolae_shop_crystal, shop, shop, serial_corexii_hall,
          corexii_hall_statues_i, chequers_hall_statues_wall_a,
          corexii_hall_statues_x, corexii_hall_statues_i,
          corexii_hall_statues_deadend, corexii_hall_statues_x,
          minmay_ogre_servants, uniq_crazy_yiuf_cottage, uniq_edmund, uniq_ijyb
D:5:      layout_cave_pools, nicolae_overflow_hidden_temple,
          minmay_temple_entry_trees, serial_shops, shop
D:6:      layout_basic, makhleb_altar_promises_db, trog_eyes_of_draining,
          amcnicky_mini_pool_medium, uniq_blork_the_orc
D:7:      layout_basic, nemelex_xobeh_ov_fountains_minmay, uniq_duvessa,
          uniq_pikel
D:8:      layout_loops_corners, general_overflow_altar, tso_altar, serial_shops,
          nicolae_shop_crystal
D:9:      layout_roguey [special_room_kobold],
          grunt_dithmenos_smoke_and_mirrors, okawaru_metal_pillars_1_2,
          serial_shops, kennysheep_mini, enter_bailey_3
D:10:     layout_roguey, lair_entry_dummy, minmay_misc_feat_x, uniq_maurice
Temple:   minmay_temple_curvy_loop
Lair:1:   layout_regular_city, basic_altar, infiniplex_staircase_pool,
          lemuel_fruit_fields
Lair:2:   layout_roguey, spider_nest_entry_webs, uniq_erica
Lair:3:   layout_roguey, nicolae_swamp_entry_splash_gauntlet
Lair:4:   layout_regular_city, serial_bayou_shore_a
Lair:5:   layout_cellular_growth, dpeg_slime_entry_enclosed_altar,
          grunt_megastairs_4
Lair:6:   due_jungle_book, layout_hall_layers, gammafunk_ghost_hive

Skill      XL: |  1  2  3  4  5  6  7  8  9 10 11 12 |
---------------+-------------------------------------+-----
Unarmed Combat | 4 5 6 7 9 10 12 13 15 | 15.2
Fighting       | 3 4 5 6 7 8 9 |  9.8
Dodging        | 3 4 5 6 7 8 9 |  9.8

Action                   |  1- 3 |  4- 6 |  7- 9 | 10-12 | 13-15 || total
-------------------------+-------+-------+-------+-------+-------++-------
Melee: Unarmed           |    89 |   178 |   283 |   615 |     4 ||  1169
       Punch             |     1 |     2 |    12 |    42 |       ||    57
Invok: Berserk           |     1 |       |     3 |     2 |       ||     6
       Trog's Hand       |       |       |       |     1 |       ||     1
       Brothers in Arms  |       |       |       |     1 |       ||     1
Evoke: Wand              |       |       |     1 |    11 |       ||    12
  Use: Scroll            |     7 |     1 |     5 |    12 |       ||    25
       Potion            |       |       |       |     1 |       ||     1
 Stab: Sleeping          |     2 |     1 |       |     1 |       ||     4
Armor: Animal skin       |    31 |    55 |    50 |       |       ||   136
       Robe              |       |       |     7 |   125 |     4 ||   136
Dodge: Dodged            |    38 |    73 |   107 |   320 |     6 ||   544
Block: Other             |       |       |    27 |   126 |     2 ||   155
       Reflection        |       |       |     2 |     7 |       ||     9

Table legend: (Time is in decaauts)
 A = Elapsed time spent in this place.
 B = Non-inter-level travel time spent in this place.
 C = Inter-level travel time spent in this place.
 D = Time resting spent in this place.
 E = Time spent auto-exploring this place.
 F = Levels seen in this place.
 G = Mean time per level.
                   A        B        C        D        E       F      G
               +--------+--------+--------+--------+--------+-----+--------+
         Total |  14686 |  13843 |    843 |   2099 |   9229 |  19 |  772.9 |
       Dungeon |   8867 |   8294 |    573 |   1052 |   5552 |  10 |  886.7 |
        Temple |    214 |    188 |     26 |      0 |    186 |   1 |  214.0 |
          Lair |   4835 |   4591 |    244 |   1004 |   3042 |   6 |  805.8 |
         Sewer |    745 |    745 |      0 |     42 |    448 |   1 |  745.0 |
        Bailey |     23 |     23 |      0 |      0 |      0 |   1 |   23.0 |
               +--------+--------+--------+--------+--------+-----+--------+

Top non-repeatable levels by time:
     D:9: 1038 daAuts
     D:7: 1019 daAuts
  Lair:2: 1013 daAuts
  Lair:5: 1009 daAuts
     D:4: 999 daAuts
  Lair:4: 992 daAuts
  Lair:3: 980 daAuts
     D:8: 969 daAuts
     D:6: 930 daAuts
     D:3: 904 daAuts
    D:10: 888 daAuts
  Lair:1: 817 daAuts
     D:2: 802 daAuts
   Sewer: 745 daAuts
     D:1: 741 daAuts
